 Dungeon Crawl Stone Soup version 0.19.1 (webtiles) character file.

141 Ladykiller69 the Conjurer (level 5, -4/28 HPs)
             Began as a Deep Elf Conjurer on Dec 9, 2016.
             Killed by nerve-wracking pain
             ... invoked by an orc priest
              (6 damage)
             ... on level 3 of the Dungeon.
             The game lasted 00:07:32 (1821 turns).

Ladykiller69 the Conjurer (Deep Elf Conjurer)       Turns: 1821, Time: 00:07:33

Health: -4/28      AC:  5    Str:  5    XL:     5   Next: 3%
Magic:  4/14       EV: 13    Int: 21    God:
Gold:   99         SH:  0    Dex: 15    Spells: 4 memorised, 1 level left

rFire  . . .     SeeInvis .     k - +0 dagger
rCold  . . .     Gourm    .     a - +0 robe
rNeg   . . .     Faith    .     (no shield)
rPois  .         Spirit   .     h - +2 helmet
rElec  .         Reflect  .     (no cloak)
rCorr  .         Harm     .     (no gloves)
MR     .....                    (no boots)
Stlth  ++........               (no amulet)
                                (no ring)
                                (no ring)

@: very slightly contaminated
A: no striking features
a: no special abilities


You were on level 3 of the Dungeon.
You were hungry.

You visited 1 branch of the dungeon, and saw 3 of its levels.

You collected 99 gold pieces.

Inventory:

Hand Weapons
 j - a +1 dagger of distortion
 k - a +0 dagger (weapon)
Armour
 a - a +0 robe (worn)
 h - a +2 helmet (worn)
 m - a +0 buckler
Scrolls
 d - a scroll of immolation {unknown}
 e - 2 scrolls of identify {unknown}
 f - a scroll of recharging {unknown}
 g - 2 scrolls of teleportation {unknown}
 l - 2 scrolls of blinking {unknown}
 n - a scroll of amnesia {unknown}
 p - a scroll of fog {unknown}
 q - a scroll of enchant armour {unknown}
 s - a scroll of magic mapping {unknown}
 u - 3 scrolls of remove curse {unknown}
Potions
 i - a potion of curing {unknown}
 o - a potion of invisibility {unknown}
 t - a potion of berserk rage {unknown}
 w - a potion of flight {unknown}
Books
 b - a book of Conjurations

   Spells                             Type                      Level
   a - Magic Dart                     Conjuration                  1
   b - Searing Ray                    Conjuration                  2
   c - Dazzling Spray                 Conjuration/Hexes            3
   d - Fulminant Prism                Conjuration/Hexes            4
   e - Iskenderun's Mystic Blast      Conjuration                  4
   f - Iskenderun's Battlesphere      Conjuration/Charms           5
Comestibles
 c - a bread ration
 r - a slice of pizza
 v - a meat ration


   Skills:
 - Level 3.2 Dodging
 - Level 3.1 Stealth
 + Level 4.8 Spellcasting
 * Level 5.5 Conjurations
 * Level 0.0 Hexes


You had one spell level left.
You knew the following spells:

 Your Spells              Type           Power        Failure   Level  Hunger
a - Magic Dart            Conj           ####         1%          1    None
b - Dazzling Spray        Conj/Hex       ###...       14%         3    ##.....
c - Iskenderun's Mystic   Conj           ####....     14%         4    ####...
d - Fulminant Prism       Conj/Hex       ###.......   41%         4    ####...


Dungeon Overview and Level Annotations

Branches:
Dungeon (3/15)

Altars:
Elyvilon


Message History

Beogh smites you!
An orc wizard appears from thin air!
Reactivating autopickup.
The orc wizard mumbles some strange words.
The orc wizard flickers and vanishes!
Deactivating autopickup; reactivate with Ctrl-A.
There is a stone staircase leading up here.
Casting: Dazzling Spray
Confirm with . or Enter, or press ? or * to list all spells.
Aiming: Magic Dart
Press: ? - help, Shift-Dir - straight line, f/p - orc priest
Aim: an orc priest, wielding a trident and wearing a scale mail (heavily wounded)
The magic dart hits the orc priest.
The orc priest is heavily wounded.
The orc priest mumbles some strange prayers to Beogh against you.
Beogh smites you!
* * * LOW HITPOINT WARNING * * *
The orc priest calls down the wrath of Beogh upon you.
Pain shoots through your body!
You die...

##.......#..(#
##......#...#
#### #......#...#
...######
#......#...#####
.........
#...............
.......#
##...o..#########
.......#
##.......#
.......#
#........#
.......#
##@o.....##
.......#
#.##.....##.#
.......#
#.##.###.##.#
..)....#
#.........#.#
.......#
#.##.###..#.#
......># #.##.#
#..# .......##
#.##.# #..#####
........# #.##.#
#......#
........## #.##.#
##.###.#


You could see an orc priest and an orc.

Vanquished Creatures
  Ijyb (D:1)
  Robin (D:2)
  5 adders
  2 oozes
  A worm (D:2)
  A dart slug (D:2)
  3 leopard geckos
  2 bats (D:1)
  12 goblins
  3 hobgoblins
  6 kobolds
  2 frilled lizards
  7 rats
46 creatures vanquished.

Notes
Turn   | Place    | Note
-------+----------+-------------------------------------------
     0 | D:1      | Ladykiller69 the Deep Elf Conjurer began the quest for the Orb.
     0 | D:1      | Reached XP level 1. HP: 10/10 MP: 6/6
   184 | D:1      | Reached XP level 2. HP: 15/15 MP: 5/8
   643 | D:2      | Noticed Robin
   775 | D:2      | Killed Robin
   775 | D:2      | Reached XP level 3. HP: 19/19 MP: 1/10
   776 | D:2      | Noticed Ijyb
   842 | D:1      | Killed Ijyb
   842 | D:1      | Reached skill level 5 in Conjurations
   850 | D:1      | Learned a level 3 spell: Dazzling Spray
   943 | D:2      | Reached XP level 4. HP: 24/24 MP: 7/12
  1039 | D:2      | Learned a level 4 spell: Iskenderun's Mystic Blast
  1619 | D:3      | Found a white marble altar of Elyvilon.
  1721 | D:3      | Reached XP level 5. HP: 28/28 MP: 8/14
  1742 | D:3      | Learned a level 4 spell: Fulminant Prism
  1821 | D:3      | Killed from afar by an orc priest

Skill      XL: |  1  2  3 |
---------------+----------+-----
Stealth        | 3 |  3.1
Dodging        | 3 |  3.2
Spellcasting   | 4 |  4.8
Conjurations   | 5 |  5.5

Action                   |  1- 3 |  4- 6 || total
-------------------------+-------+-------++-------
Melee: Dagger            |       |     1 ||     1
 Cast: Magic Dart        |    53 |    54 ||   107
       Dazzling Spray    |       |     1 ||     1
  Eat: Chunk             |       |     2 ||     2
Armor: Robe              |     2 |     2 ||     4
Dodge: Dodged            |    12 |     3 ||    15
